 Dungeon Crawl Stone Soup version 0.19-b1-4-gd8a0a2a (webtiles) character file.

2578 Goblin1989 the Slicer (level 9, 0/91 HPs)
             Began as a Demonspawn Assassin on Oct 30, 2016.
             Was a High Priest of Uskayaw.
             Succumbed to a killer bee's poison
             ... on level 7 of the Dungeon.
             The game lasted 00:29:01 (6519 turns).

Goblin1989 the Slicer (Demonspawn Assassin)         Turns: 6519, Time: 00:29:01

Health: 0/91       AC: 24    Str: 11    XL:     9   Next: 32%
Magic:  9/9        EV:  2    Int: 13    God:    Uskayaw [*****.]
Gold:   513        SH:  4    Dex: 18    Spells: 0 memorised, 8 levels left

rFire  + . .     SeeInvis .     a - +2 dagger (venom)
rCold  . . .     Gourm    .     (armour currently unavailable)
rNeg   + + +     Faith    .     (no shield)
rPois  +         Spirit   .     (helmet currently unavailable)
rElec  .         Reflect  +     (cloak currently unavailable)
rCorr  .         Harm     .     (gloves currently unavailable)
MR     .....     NoTele   +     (boots currently unavailable)
Stlth  ++++......               q - +4 amulet of reflection
                                f - ring of protection from fire
                                n - +1 ring of evasion

@: lethally poisoned (0 -> -3), tree-form
A: (thin metallic scales 0), nightstalker 1
a: Stomp, Line Pass, Grand Finale, Renounce Religion


You were on level 7 of the Dungeon.
You worshipped Uskayaw.
Uskayaw was noncommittal.
You were hungry.
You were a tree.
You visited 2 branches of the dungeon, and saw 8 of its levels.
You also visited: Ossuary.

You collected 513 gold pieces.

Inventory:

Hand Weapons
 a - a +2 dagger of venom (weapon)
 v - a +2 vampiric short sword
 w - a +0 blowgun {@w1}
 A - a +0 falchion of holy wrath
Missiles
 e - 18 poisoned needles
 k - 2 curare-tipped needles
Armour
 d - a +1 cloak (melded)
 F - the +5 ring mail of the Spider Nest (melded) {rF+ Int+4}
   (You found it on level 4 of the Dungeon)

   It affects your intelligence (+4).
   It protects you from fire.
 J - a +0 helmet (melded)
Jewellery
 f - a ring of protection from fire (right branch)
 m - a +3 ring of intelligence
 n - a +1 ring of evasion (left branch)
 q - a +4 amulet of reflection (around neck)
 r - the amulet of Vuyklan {Inacc rF+}
   (You found it on level 6 of the Dungeon)

   [amulet of inaccuracy]

   It reduces the accuracy of all your attacks.
   It protects you from fire.
Wands
 y - a wand of flame (45/48)
 E - a wand of random effects (38/48)
 K - a wand of flame (29/48)
Scrolls
 h - 3 scrolls of remove curse {@r2}
 j - a scroll of magic mapping {unknown}
 o - a scroll of summoning {unknown}
 u - a scroll of noise {!r}
 D - 2 scrolls of enchant weapon
 H - a scroll of recharging
 R - 3 scrolls of identify {@r1}
Potions
 b - a potion of haste {!q, @q3}
 c - a potion of cure mutation {unknown}
 l - a potion of berserk rage {unknown}
 p - 3 potions of curing {@q1}
 s - a potion of magic {unknown}
 t - a potion of ambrosia {unknown}
 x - 2 potions of degeneration {!q}
 B - a potion of might {unknown}
 G - 2 potions of flight {unknown}
Books
 i - a book of Frost

   Spells                             Type                      Level
   a - Freeze                         Ice                          1
   b - Throw Frost                    Conjuration/Ice              2
   c - Ozocubu's Armour               Charms/Ice                   3
   d - Throw Icicle                   Conjuration/Ice              4
   e - Summon Ice Beast               Ice/Summoning                4
Comestibles
 g - 7 bread rations {@e1}
 z - 4 meat rations {@e2}
 L - a chunk of flesh {@w0}


   Skills:
 - Level 2.0 Fighting
 + Level 11.5 Short Blades
 - Level 1.7 Throwing
 - Level 0.8 Dodging
 - Level 3.9 Stealth


You had 8 spell levels left.
You didn't know any spells.

Dungeon Overview and Level Annotations

Branches:
Dungeon (7/15)             Temple (1/1) D:6

Altars:
Cheibriados
Dithmenos
Elyvilon
Fedhas
Gozag
Hepliaklqana
Kikubaaqudgha
Makhleb
Nemelex Xobeh
Okawaru
Qazlal
Sif Muna
Uskayaw
Yredelemnul
Zin
The Shining One

Annotations:
D:3 cedor's ghost, amateur HOWr
D:4 cedor's ghost, novice HOWr


Innate Abilities, Weirdness & Mutations

((You are mostly covered in thin metallic scales. (AC +3)))
You are slightly more attuned to the shadows.


Message History

* * * LOW HITPOINT WARNING * * *
The hippogriff claws you but does no damage.
The killer bee stings you but does no damage.
A killer bee comes into view.
You take 6 damage, and have 1/91 hp.
Unknown command.
You feel better.
The hippogriff is no longer sharing its pain.
The killer bee stings you but does no damage.
You block the hippogriff's attack.
The hippogriff pecks you but does no damage.
The hippogriff claws you but does no damage.
The killer bee stings you.
* * * LOW HITPOINT WARNING * * *
You are lethally poisoned!
The killer bee poisons you!
The killer bee buzzes angrily.
You hit the hippogriff.
The hippogriff is almost dead.
You die... █████████

█.......█ █.█
███.█████.█ .. █<(..█
█.██████..████.█
█.........(.....
████..████...███..
█.....█████..█
█.....()(♣H.(█
█......███y..████
...██.....(.(.......█
......(....(....y.....
.....().........yy....
...........████.......
............. ........
...........?██ ██...██
.....█.......█ ....


You could see a hippogriff and 4 killer bees.

Vanquished Creatures
  An unseen horror (D:7)
  A water moccasin (D:7)
  A sky beast (D:7)
  2 orc warriors (D:6)
  A necrophage (D:6)
  2 ogres (D:6)
  4 centaurs
  A big kobold (D:7)
  5 bullfrogs
  A centaur zombie (D:6)
  3 crimson imps
  A jelly (D:6)
  A centaur skeleton (D:4)
  2 hounds
  An iguana (D:4)
  Ijyb (D:3)
  2 worker ants
  A big kobold zombie (Ossuary)
  A hound skeleton (D:7)
  9 mummies
  A howler monkey zombie (D:6)
  A worker ant zombie (D:7)
  8 adders
  A river rat (D:6)
  2 worms
  A dart slug (D:2)
  3 leopard geckos
  18 orcs
  6 bats
  7 giant cockroaches
  A gnoll zombie (Ossuary)
  13 goblins
  5 hobgoblins
  4 jackals (D:7)
  2 quokkas
  2 ball pythons
  7 frilled lizards
  3 hobgoblin zombies (Ossuary)
  11 kobolds
  3 orc zombies (Ossuary)
  A quokka zombie (D:5)
  8 rats
149 creatures vanquished.

Vanquished Creatures (others)
  A leopard gecko (D:5)
1 creature vanquished.

Grand Total: 150 creatures vanquished

Notes
Turn   | Place    | Note
-------+----------+-------------------------------------------
     0 | D:1      | Goblin1989 the Demonspawn Assassin began the quest for the Orb.
     0 | D:1      | Reached XP level 1. HP: 16/16 MP: 1/1
    40 | D:1      | Reached skill level 2 in Short Blades
   258 | D:1      | Gained mutation: You are partially covered in thin metallic scales. (AC +2) [demonic ancestry]
   258 | D:1      | Reached XP level 2. HP: 22/22 MP: 2/2
  1118 | D:1      | Reached XP level 3. HP: 27/27 MP: 3/3
  1195 | D:2      | Found a faded altar of an unknown god.
  1205 | D:2      | Reached skill level 3 in Short Blades
  1817 | D:2      | Gained mutation: You are mostly covered in thin metallic scales. (AC +3) [demonic ancestry]
  1817 | D:2      | Reached XP level 4. HP: 33/33 MP: 4/4
  2258 | D:3      | Reached skill level 4 in Short Blades
  2312 | D:3      | Noticed cedor's ghost (amateur HOWr)
  2371 | D:3      | Noticed Ijyb
  2428 | D:3      | Killed Ijyb
  2428 | D:3      | Reached XP level 5. HP: 26/38 MP: 5/5
  2526 | D:4      | Reached skill level 5 in Short Blades
  2617 | D:4      | Found an ancient bone altar of Kikubaaqudgha.
  2644 | D:4      | Noticed cedor's ghost (novice HOWr)
  2859 | D:4      | Got an ancient ring mail
  2870 | D:4      | Identified the +5 ring mail of the Spider Nest {rF+ Int+4} (You found it on level 4 of the Dungeon)
  2947 | D:5      | Entered Level 5 of the Dungeon
  2987 | D:5      | Found a sand-covered staircase.
  3004 | Ossuary  | Entered an ossuary
  3194 | Ossuary  | Reached XP level 6. HP: 33/44 MP: 6/6
  3666 | Ossuary  | Reached skill level 6 in Short Blades
  4312 | D:5      | Found a glowing silver altar of Zin.
  4312 | D:5      | Noticed an angel
  4537 | D:5      | Reached XP level 7. HP: 50/50 MP: 7/7
  4585 | D:5      | Reached skill level 7 in Short Blades
  4746 | D:5      | Found a glowing golden altar of the Shining One.
  4768 | D:6      | Identified a scroll of acquirement
  4847 | D:6      | Found a staircase to the Ecumenical Temple.
  4860 | Temple   | Entered the Ecumenical Temple
  5135 | Temple   | Became a worshipper of Uskayaw the Reveler
  5209 | D:6      | Reached * piety under Uskayaw
  5220 | D:6      | Reached ** piety under Uskayaw
  5229 | D:6      | Reached *** piety under Uskayaw
  5230 | D:6      | Reached skill level 8 in Short Blades
  5494 | D:6      | Reached XP level 8. HP: 13/55 MP: 8/8
  5559 | D:6      | Reached skill level 9 in Short Blades
  5559 | D:6      | Reached **** piety under Uskayaw
  6121 | D:6      | Got a clouded zirconium amulet
  6122 | D:6      | Identified the amulet of Vuyklan {Inacc rF+} (You found it on level 6 of the Dungeon)
  6162 | D:6      | Reached skill level 10 in Short Blades
  6453 | D:7      | Killed an unseen horror
  6453 | D:7      | Reached skill level 11 in Short Blades
  6453 | D:7      | Gained mutation: You are slightly more attuned to the shadows. [demonic ancestry]
  6453 | D:7      | Reached XP level 9. HP: 35/61 MP: 9/9
  6503 | D:7      | Reached ***** piety under Uskayaw
  6517 | D:7      | HP: 3/91 [hippogriff (4)]
  6517 | D:7      | HP: 1/91 [hippogriff (2)]
  6519 | D:7      | Succumbed to a killer bee's poison

Skill      XL: |  1  2  3  4  5  6  7  8 |
---------------+-------------------------+-----
Short Blades   | 2 3 4 5 6 8 11 | 11.5
Fighting       | |  2.0
Throwing       | |  1.7
Dodging        | |  0.8
Stealth        | |  3.9

Action                   |  1- 3 |  4- 6 |  7- 9 || total
-------------------------+-------+-------+-------++-------
Melee: Dagger            |   123 |    34 |   286 ||   443
       Short sword       |       |   313 |    27 ||   340
 Fire: Blowgun           |       |       |     1 ||     1
Evoke: Wand              |       |       |     1 ||     1
  Use: Potion            |     1 |     2 |     6 ||     9
       Scroll            |       |     9 |     5 ||    14
 Stab: Sleeping          |    10 |     5 |     2 ||    17
       Distracted        |       |     1 |       ||     1
       Paralysed         |       |       |     5 ||     5
  Eat: Chunk             |     3 |     4 |     4 ||    11
       Meat ration       |       |     1 |       ||     1
       Fruit             |       |     5 |       ||     5
       Royal jelly       |       |       |     1 ||     1
Armor: Robe              |    24 |    31 |       ||    55
       Skin              |     6 |    32 |     8 ||    46
       Ring mail         |       |    46 |   130 ||   176
Dodge: Dodged            |    50 |   141 |   143 ||   334
Block: Other             |       |       |    29 ||    29
       Reflection        |       |       |     4 ||     4

Vault maps used:
D:1:      scummos_arrival_hexagon, minmay_misc_feat_plants, grunt_decor_cap
D:2:      minmay_wonky_spiral, ecumenical_altar_1
D:3:      gammafunk_temple_overflow_statue, hangedman_decor_lopped, uniq_iyjb
D:4:      kiku_gazebo_pond_becter, first_bread, uniq_crazy_yiuf_cottage
D:5:      kennysheep_mini, zin_angel, gup_ossuary_entry_pyramid
D:6:      portal_sewer_entry_b, st_stairs_4
D:7:      lightli_temple_of_fire, trog_hazing_becter
Temple:   oiseaux_autumnal_temple
Ossuary:  ossuary_tomb_3
